 Dungeon Crawl Stone Soup version 0.17.1-2-g5865329 (webtiles) character file.

8169 Mysteryquy the Grappler (level 11, -2/109 HPs)
             Began as a Troll Monk on Jan 28, 2016.
             Was a High Priest of Makhleb.
             Slain by a catoblepas (6 damage)
             ... on level 9 of the Dungeon on Jan 29, 2016.
             The game lasted 00:19:39 (7280 turns).

Mysteryquy the Grappler (Troll Monk)                Turns: 7280, Time: 00:19:39

Health: -2/109     AC:  6    Str: 19 (20) XL:     11   Next: 6%
Magic:  0/10       EV:  1    Int:  9      God:    Makhleb [*****.]
Gold:   526        SH:  0    Dex: 14      Spells: 0 memorised, 10 levels left

rFire  + . .     SeeInvis +       - Unarmed
rCold  . . .     Rnd*Rage +     W - +0 troll leather armour
rNeg   + + +     SustAt   .     (no shield)
rPois  ∞         Gourm    +     Q - +1 hat {Int+3}
rElec  .         Spirit   +     (no cloak)
rCorr  .         Warding  .     (gloves unavailable)
rMut   .         Stasis   .     (boots unavailable)
MR     .....                    d - amulet of guardian spirit
Stlth  +.........               L - ring of see invisible
                                a - ring of protection from fire

@: petrified, not resistant to hostile enchantments, very unstealthy
A: unfitting armour, claws 3, horns 2, berserk 1, blink, deformed body,
deterioration 1, fast metabolism 3, gourmand, regeneration 2, shaggy fur 1,
tough skin 2, weak 1
a: Blink, Minor Destruction, Lesser Servant of Makhleb, Major Destruction,
Greater Servant of Makhleb, Renounce Religion


You were on level 9 of the Dungeon.
You worshipped Makhleb.
Makhleb was extremely pleased with you.
You were very full.

You visited 3 branches of the dungeon, and saw 11 of its levels.

You collected 526 gold pieces.

Inventory:

Armour
 K - a +2 robe of resistance
 Q - a +1 hat of intelligence (worn)
 W - a +0 troll leather armour (worn)
Jewellery
 a - a ring of protection from fire (left claw)
 d - an amulet of guardian spirit (around neck)
 j - an uncursed amulet of rage
 L - a ring of see invisible (right claw)
 M - an uncursed ring of sustain attributes {unknown}
 O - an uncursed ring of protection from magic {unknown}
 R - an uncursed ring of ice {unknown}
 V - an uncursed ring of protection from cold {unknown}
Wands
 k - a wand of slowing (14)
 x - a wand of confusion (22)
 B - a wand of disintegration (18)
 F - a wand of fire (6)
 H - a wand of disintegration (20)
 U - a wand of lightning (6)
Scrolls
 c - 7 scrolls of identify
 e - a scroll of remove curse
 h - a scroll of enchant armour
 l - 3 scrolls of immolation {unknown}
 m - a scroll of noise {unknown}
 o - 2 scrolls of magic mapping {unknown}
 t - 3 scrolls of teleportation {unknown}
 y - 2 scrolls of fog {unknown}
 J - a scroll of enchant weapon {unknown}
 N - a scroll of vulnerability {unknown}
 T - a scroll of random uselessness {unknown}
Potions
 f - 2 potions of degeneration {unknown}
 g - 3 potions of mutation {unknown}
 n - 6 potions of curing {unknown}
 q - 5 potions of poison {unknown}
 u - 2 potions of ambrosia {unknown}
 v - 2 potions of brilliance {unknown}
 w - a potion of flight {unknown}
 A - a potion of might {unknown}
 C - a potion of resistance {unknown}
 D - 2 potions of magic {unknown}
 G - 2 potions of haste {unknown}
 I - 5 potions of lignification {unknown}
 S - a potion of cure mutation {unknown}
Books
 E - a book of Flames

   Spells                             Type                      Level
   a - Flame Tongue                   Conjuration/Fire             1
   b - Throw Flame                    Conjuration/Fire             2
   c - Conjure Flame                  Conjuration/Fire             3
   d - Inner Flame                    Hexes/Fire                   3
   e - Sticky Flame                   Conjuration/Fire             4
   f - Fireball                       Conjuration/Fire             5
Comestibles
 b - 5 bread rations
 i - 2 beef jerkies
 p - 4 fruits
 r - 2 slices of pizza
 s - a royal jelly
 z - 3 meat rations
 P - 4 chunks of flesh


   Skills:
 + Level 7.6 Fighting
 + Level 9.4 Dodging
 - Level 1.1 Stealth
 + Level 11.0 Unarmed Combat


You had 10 spell levels left.
You didn't know any spells.

Dungeon Overview and Level Annotations

Branches:
Dungeon (9/15)             Temple (1/1) D:5             Orc (1/4) D:9
   Lair: D:8-11

Altars:
Ashenzari
Cheibriados
Dithmenos
Elyvilon
Fedhas
Gozag
Kikubaaqudgha
Makhleb
Nemelex Xobeh
Okawaru
Qazlal
Ru
Sif Muna
Trog
Vehumet
Xom
Yredelemnul
Zin
The Shining One

Shops:
D:4 [   D:9 (   Orc:1 [


Innate Abilities, Weirdness & Mutations

You are too large for most types of armour.
You have claws for hands.
Your metabolism is lightning-fast.
You like to eat raw meat.
You heal very quickly.
You are covered in fur (AC +1).
You have very tough skin (AC +2).
You have a pair of horns on your head.
You tend to lose your temper in combat.
You can translocate small distances at will.
Armour fits poorly on your strangely shaped body.
Your body sometimes deteriorates upon taking damage.
You are weak. (Str -2)


Message History

The catoblepas is almost dead.
You are engulfed in calcifying dust.
Your limbs have turned to stone.
The crimson imp is no longer petrified.
The catoblepas barely misses you.
The crimson imp blinks!
The necrophage barely misses you. The catoblepas barely misses you.
You have turned to stone.
You are engulfed in calcifying dust.
The necrophage hits you. The catoblepas gores you!!
* * * LOW HITPOINT WARNING * * *
You are engulfed in calcifying dust.
The necrophage hits you.
* * * LOW HITPOINT WARNING * * *
The catoblepas gores you!!
* * * LOW HITPOINT WARNING * * *
The necrophage hits you but does no damage.
The catoblepas breathes a plume of calcifying dust at you.
The blast of calcifying dust hits you!
* * * LOW HITPOINT WARNING * * *
You are engulfed in calcifying dust.
The necrophage hits you.
* * * LOW HITPOINT WARNING * * *
The catoblepas gores you!
You die...

........###...##.................
........# #...##.................
........###...##.........##......
....<....................##......
#################........##......
+....... #........##......
#....... #####################
#....... #..n.................
#....... #.5Y@§§..............
'....... #..###############..#
#...#### #..§..........# #...#
##### #§§...........###...#
#5##########..##...## #........
#..#....#. #n....... #......##.
#..#####. ##....###.. #5.#
#..####....


You could see a catoblepas, a necrophage and a crimson imp.

Vanquished Creatures
  Gastronok (D:8)
  Urug (D:9)
  Joseph (D:8)
  A troll (D:9)
  Grinder (D:3)
  The ghost of Jerry the Ducker, an amateur DEHu (D:5)
  A hippogriff (D:8)
  Edmund (D:5)
  5 orc warriors
  An ice beast (D:7)
  5 sky beasts
  4 phantoms
  A wasp (D:7)
  A black bear (D:7)
  2 centaurs
  8 ogres
  A big kobold (D:6)
  A gnoll sergeant (D:9)
  5 giant frogs
  A wyvern skeleton (D:9)
  2 scorpions
  5 wights (D:8)
  3 crimson imps
  9 killer bees
  6 hounds
  3 jellies
  7 orc wizards
  2 orc priests
  2 iguanas
  6 worker ants
  Natasha (thrice) (D:2)
  2 hound skeletons
  13 gnolls
  14 adders
  A shadow imp (D:6)
  An ooze (D:6)
  4 worms
  7 giant geckos
  40 orcs
  5 bats
  13 giant cockroaches
  2 goblins
  4 hobgoblins
  9 jackals
  4 quokkas
  A ball python (D:1)
  2 giant newts
  A jackal skeleton (D:7)
  4 kobolds
  A quokka skeleton (D:5)
  2 rats (D:3)
221 creatures vanquished.

Notes
Turn   | Place    | Note
--------------------------------------------------------------
     0 | D:1      | Mysteryquy the Troll Monk began the quest for the Orb.
     0 | D:1      | Reached XP level 1. HP: 22/22 MP: 0/0
   114 | D:1      | Reached XP level 2. HP: 29/29 MP: 1/1
   705 | D:2      | Noticed Natasha
   714 | D:2      | Killed Natasha
   714 | D:2      | Reached XP level 3. HP: 36/36 MP: 2/2
   851 | D:2      | Noticed Natasha
   862 | D:2      | Killed Natasha
   882 | D:2      | Noticed Natasha
   895 | D:2      | Killed Natasha
  1370 | D:3      | Reached skill level 5 in Unarmed Combat
  1371 | D:3      | Reached XP level 4. HP: 36/44 MP: 3/3
  1563 | D:3      | Noticed Grinder
  1572 | D:3      | Paralysed by Grinder for 4 turns
  1580 | D:3      | HP: 2/44 [giant cockroach (2)]
  1582 | D:3      | Killed Grinder
  1582 | D:3      | Reached skill level 6 in Unarmed Combat
  1582 | D:3      | Reached XP level 5. HP: 3/53 MP: 4/4
  1582 | D:3      | Reached XP level 6. HP: 3/61 MP: 5/5
  2378 | D:4      | Reached XP level 7. HP: 63/67 MP: 6/6
  2464 | D:4      | Found Megab's Antique Armour Boutique.
  2874 | D:5      | Entered Level 5 of the Dungeon
  2901 | D:5      | Found a staircase to the Ecumenical Temple.
  2998 | Temple   | Entered the Ecumenical Temple
  3135 | Temple   | Became a worshipper of Makhleb the Destroyer
  3135 | Temple   | Reached * piety under Makhleb
  3135 | Temple   | Reached ** piety under Makhleb
  3169 | D:5      | Reached skill level 5 in Dodging
  3175 | D:5      | Noticed Jerry's ghost (amateur DEHu)
  3182 | D:5      | Killed Jerry's ghost
  3182 | D:5      | Reached skill level 7 in Unarmed Combat
  3298 | D:5      | Noticed Edmund
  3308 | D:5      | Killed Edmund
  3308 | D:5      | Reached XP level 8. HP: 73/79 MP: 7/7
  3450 | D:5      | Found a shadowy altar of Dithmenos.
  3471 | D:5      | Found an opulent altar of Gozag.
  3924 | D:6      | Reached skill level 5 in Fighting
  4134 | D:6      | Found a shadowy altar of Dithmenos.
  4208 | D:6      | Reached skill level 8 in Unarmed Combat
  4451 | D:6      | Reached *** piety under Makhleb
  4451 | D:6      | Reached XP level 9. HP: 81/88 MP: 6/8
  5037 | D:7      | Found a sparkling altar of Nemelex Xobeh.
  5047 | D:7      | Gained mutation: You are weak. (Str -2) [mutagenic meat]
  5048 | D:7      | Gained mutation: You have a pair of small horns on your head. [mutagenic meat]
  5049 | D:7      | Gained mutation: You are agile. (Dex +2) [mutagenic meat]
  5050 | D:7      | Gained mutation: You occasionally shout uncontrollably at your foes. [mutagenic meat]
  5052 | D:7      | Lost mutation: You are agile. (Dex +2) [mutagenic meat]
  5240 | D:7      | Reached skill level 9 in Unarmed Combat
  5306 | D:7      | Gained mutation: You have a pair of horns on your head. [mutagenic meat]
  5307 | D:7      | Gained mutation: You tend to lose your temper in combat. [mutagenic meat]
  5308 | D:7      | Gained mutation: Armour fits poorly on your strangely shaped body. [mutagenic meat]
  5309 | D:7      | Gained mutation: You can translocate small distances at will. [mutagenic meat]
  5586 | D:8      | Found a shimmering altar of Xom.
  5619 | D:8      | Reached **** piety under Makhleb
  5796 | D:8      | Noticed Gastronok
  5807 | D:8      | Killed Gastronok
  5807 | D:8      | Reached skill level 10 in Unarmed Combat
  5807 | D:8      | Reached XP level 10. HP: 100/100 MP: 4/9
  6056 | D:8      | Noticed Joseph
  6069 | D:8      | Killed Joseph
  6557 | D:9      | Found Quofag's Weapon Emporium.
  6557 | D:9      | Found a staircase to the Orcish Mines.
  6613 | Orc:1    | Entered Level 1 of the Orcish Mines
  6613 | Orc:1    | Found Ytoacho's Antique Armour Shoppe.
  6625 | Orc:1    | Noticed Urug
  6636 | D:9      | Reached ***** piety under Makhleb
  6693 | D:9      | Killed Urug
  6818 | D:9      | Found a stormy altar of Qazlal.
  6935 | D:9      | Gained mutation: Your body sometimes deteriorates upon taking damage. [mutagenic meat]
  6938 | D:9      | Lost mutation: You occasionally shout uncontrollably at your foes. [mutagenic meat]
  7000 | D:9      | Reached skill level 11 in Unarmed Combat
  7131 | D:9      | Reached XP level 11. HP: 109/109 MP: 10/10
  7247 | D:9      | Noticed a catoblepas
  7280 | D:9      | HP: 4/109 [necrophage (3)]
  7280 | D:9      | Slain by a catoblepas

Action                   |  1- 3 |  4- 6 |  7- 9 | 10-12 || total
-------------------------+-------+-------+-------+-------++-------
Melee: Unarmed           |    78 |   105 |   314 |   201 ||   698
 Abil: Blink             |       |       |       |     1 ||     1
  Use: Scroll            |       |       |     2 |     1 ||     3
 Stab: Sleeping          |     3 |     1 |     1 |       ||     5
       Distracted        |       |       |     1 |       ||     1
  Eat: Meat ration       |     1 |       |       |       ||     1
       Chunk             |     8 |    14 |    43 |    19 ||    84
